 Dungeon Sprint DCSS version 0.27-a0-412-g8dd771eca2 (webtiles) character file.

Game seed: 6562217402245013940

424 Gaff the Spear-Bearer (level 6, -5/68 HPs)
             Began as a Minotaur Berserker on Feb 24, 2021.
             Was a Believer of Trog.
             Slain by Sonja
             ... wielding a +0 short sword of distortion
              (23 damage)
             ... in the Dungeon (Sprint I: "Red Sonja").
             The game lasted 00:01:31 (318 turns).

Gaff the Spear-Bearer (Minotaur Berserker)           Turns: 318, Time: 00:01:32

Health: -5/68      AC:  6    Str: 24    XL:     6   Next: 64%
Magic:  5/5        EV: 12    Int:  4    God:    Trog [**....]
Gold:   297        SH:  0    Dex:  9    Spells: 5/5 levels left

rFire    . . .     SeeInvis .   j - +1 scythe (vamp)
rCold    . . .     Faith    .   (shield currently unavailable)
rNeg     . . .     Spirit   .   i - +0 ring mail
rPois    .         Reflect  .   (helmet restricted)
rElec    .         Harm     .   (no cloak)
rCorr    .         Rampage  .   (no gloves)
Will     .....     NoTele   +   (no boots)
Stlth    ..........             (no amulet)
HPRegen  0.21/turn              (no ring)
MPRegen  0.09/turn              (no ring)

@: lethally poisoned (-5 -> -12), berserk cooldown, slowed, very slow
A: retaliatory headbutt, horns 2
a: Renounce Religion, Berserk, Trog's Hand


You were in the Dungeon.
You worshipped Trog.
Trog was pleased with you.
You visited 1 branch You collected 297 gold pieces.

Inventory:

Hand Weapons
 a - a +0 spear
 j - a +1 vampiric scythe (weapon)
Armour
 b - a +0 animal skin
 i - a +0 ring mail (worn)
Wands
 k - a wand of random effects (15)
Scrolls
 h - a scroll of blinking
 l - a scroll of random uselessness {unknown}
Potions
 c - a potion of curing
 d - a potion of heal wounds
 e - a potion of haste
 f - 2 potions of magic
 g - a potion of berserk rage


   Skills:
 + Level 11.0 Fighting
 + Level 11.2 Polearms
 + Level 6.9 Armour
 + Level 5.1 Dodging


You had 5 spell levels left.
You didn't know any spells.
Your spell library was empty.

Dungeon Overview and Level Annotations

Branches:
Dungeon (1/1)

Altars:
Cheibriados
Dithmenos
Elyvilon
Fedhas
Gozag
Hepliaklqana
Kikubaaqudgha
Nemelex Xobeh
Okawaru
Qazlal
Ru
Sif Muna
Trog
Uskayaw
Vehumet
Wu Jian
Yredelemnul
Zin
The Shining One

Shops:
D *

Annotations:
D Sonja


Innate Abilities, Weirdness & Mutations

You reflexively headbutt those who attack you in melee.
You have a pair of horns on your head.


Message History

You see here a yak corpse.
You open the door.
Sonja, the Graceful Assassin comes into view.
She is wielding a +0 short sword of distortion and quivering curare-tipped darts.
Sonja shouts!
Found 108 gold pieces.
You close the door.
Sonja opens the door.
A red film seems to cover your vision as you go berserk!
You feel yourself moving faster!
You feel mighty!
Sonja hits you with a +0 short sword of distortion!
Space bends around you.
Sonja hits you with a +0 short sword of distortion.
Space bends around you. Sonja misses you.
You closely miss Sonja. Your headbutt misses Sonja. Sonja barely misses you. x2
Sonja hits you but does no damage. Space bends around you.
You miss Sonja. Your headbutt misses Sonja. Sonja hits you but does no damage.
Space warps horribly around you! Sonja misses you.
Sonja hits you but does no damage. Space bends around you. Sonja misses you.
Sonja hits you with a +0 short sword of distortion.
Space warps horribly around you! Sonja barely misses you.
You closely miss Sonja.
Sonja mumbles some strange words.
Sonja blinks!
You slam the door shut with a bang!
You start resting.
You feel a strong urge to attack something.
Sonja opens the door.
You feel your anger nearly subside.
You are no longer berserk.
You are exhausted.
You feel yourself slow down.
Sonja throws a curare-tipped dart.
The curare-tipped dart hits you.
You are poisoned.
You have difficulty breathing.
You feel as though you will be slow longer.
You feel sick.
Sonja hits you with a +0 short sword of distortion!
Sonja hits you with a +0 short sword of distortion.
* * * LOW HITPOINT WARNING * * *
Space warps horribly around you!!
You die...

#<.#..'..#..'..#
#..)..#..'[.#..+
#..#####'#####'#
#..####..#...#.#
#..#__####..##.#
#..#_____##'#_.+
#⌠⌠#_.∩...†..._#
####_..__##_.#+#
#_____###@#
####### #K# $.$
#$.$# ##.## #+#


You could see Sonja.

Vanquished Creatures
  Sigmund (D)
  A yak (D)
  An ogre (D)
  A jelly (D)
  Ijyb (D)
5 creatures vanquished.

Notes
Turn   | Place    | Note
-------+----------+-------------------------------------------
     0 | D        | Gaff the Minotaur Berserker began the quest for the Orb.
     0 | D        | Reached XP level 1. HP: 19/19 MP: 0/0
     1 | D        | Noticed Ijyb
     7 | D        | Killed Ijyb
     8 | D        | Reached skill level 5 in Fighting
     8 | D        | Reached skill level 5 in Polearms
     8 | D        | Reached XP level 2. HP: 29/29 MP: 1/1
    61 | D        | Noticed an ogre
    70 | D        | Killed an ogre
    71 | D        | Reached XP level 3. HP: 34/40 MP: 2/2
    71 | D        | Reached XP level 4. HP: 41/48 MP: 3/3
   195 | D        | Noticed Sigmund
   203 | D        | Killed Sigmund
   203 | D        | Reached ** piety under Trog
   204 | D        | Reached skill level 5 in Armour
   204 | D        | Reached XP level 5. HP: 58/58 MP: 4/4
   257 | D        | Found an ornate altar of the Wu Jian Council.
   257 | D        | Found a shimmering blue altar of Sif Muna.
   259 | D        | Found a radiant altar of Vehumet.
   262 | D        | Reached skill level 10 in Fighting
   262 | D        | Reached skill level 10 in Polearms
   262 | D        | Reached XP level 6. HP: 66/66 MP: 5/5
   271 | D        | Found Ugoi's Assorted Antiques.
   271 | D        | Found an ancient bone altar of Kikubaaqudgha.
   271 | D        | Found a hazy altar of Hepliaklqana.
   271 | D        | Found a stormy altar of Qazlal.
   271 | D        | Found a hide-covered altar of Uskayaw.
   271 | D        | Found a blossoming altar of Fedhas.
   271 | D        | Found a bloodstained altar of Trog.
   271 | D        | Found an iron altar of Okawaru.
   271 | D        | Found a basalt altar of Yredelemnul.
   271 | D        | Found a glowing golden altar of the Shining One.
   271 | D        | Found a snail-covered altar of Cheibriados.
   271 | D        | Found a sacrificial altar of Ru.
   271 | D        | Found a glowing silver altar of Zin.
   271 | D        | Found a shadowy altar of Dithmenos.
   271 | D        | Found a white marble altar of Elyvilon.
   271 | D        | Noticed a yak
   274 | D        | Killed a yak
   275 | D        | Reached skill level 5 in Dodging
   275 | D        | Found an opulent altar of Gozag.
   294 | D        | Found a sparkling altar of Nemelex Xobeh.
   307 | D        | Noticed Sonja
   318 | D        | Slain by Sonja

Illustrated notes

Levels and vault maps discovered:
D:        dungeon_sprint_1 [red_sonja_temple_1, red_sonja_temple_small_1]

Skill      XL: |  1  2  3  4  5  6 |
---------------+-------------------+-----
Fighting       | 5 7 9 10 11 | 11.0
Polearms       | 5 7 9 10 11 | 11.2
Armour         | 3 4 5 6 |  6.9
Dodging        | 3 4 5 |  5.1

Action                   |  1- 3 |  4- 6 || total
-------------------------+-------+-------++-------
Melee: Spear             |    10 |     6 ||    16
       Headbutt          |     2 |     1 ||     3
       Scythe            |       |     8 ||     8
Invok: Berserk           |     2 |     2 ||     4
Armor: Ring mail         |       |     3 ||     3
Dodge: Dodged            |     3 |     8 ||    11

Table legend: (Time is in decaauts)
 A = Elapsed time spent in this place.
 B = Non-inter-level travel time spent in this place.
 C = Inter-level travel time spent in this place.
 D = Time resting spent in this place.
 E = Time spent auto-exploring this place.
 F = Levels seen in this place.
 G = Mean time per level.
                   A        B        C        D        E       F      G
               +--------+--------+--------+--------+--------+-----+--------+
         Total |    351 |    351 |      0 |    204 |      0 |   1 |  351.0 |
       Dungeon |    351 |    351 |      0 |    204 |      0 |   1 |  351.0 |
               +--------+--------+--------+--------+--------+-----+--------+

Top non-repeatable levels by time:
       D: 351 daAuts
